3A
BELLEVILLE BULLS @ PROVO MANGO
07/18/2029
 
TOP OF THE 1ST
Belleville Bulls batting - Pitching for Provo Mango : RHP Nicolas Roche
Pitching: RHP Nicolas Roche
Batting: LHB Seung-soo Ch'ae 0-0: Ball
1-0: SINGLE (Flyball, 56D)
Batting: LHB Samuel Bartolomej 0-0: Ball
1-0: Foul Ball, location: 2F
1-1: Ball
Seung-soo Ch'ae steals 2nd base
2-1: Swinging Strike
2-2: Ball
3-2: Strikes out swinging
Batting: LHB Walt Lathon 0-0: Ball
1-0: Foul Ball, location: 2F
1-1: Called Strike
1-2: Strikes out looking
Batting: LHB Scot Willis 0-0: Ball
1-0: SINGLE (Groundball, 6MD)
Seung-soo Ch'ae to third
Runner from 3rd tries for Home, SAFE, no throw
Batting: RHB Alejandro Serrato 0-0: Foul Ball, location: 2F
0-1: Ball
1-1: Fly out, F8 (Flyball, 78D)
Top of the 1st over - 1 run, 2 hits, 0 errors, 1 left on base; Belleville 1 - Provo 0
BOTTOM OF THE 1ST
Provo Mango batting - Pitching for Belleville Bulls : RHP Charles Repka
Pitching: RHP Charles Repka
Batting: LHB Tom Haymon 0-0: Ball
1-0: Swinging Strike
1-1: Called Strike
1-2: Ball
2-2: Ball
3-2: Base on Balls
Batting: SHB Tommy Dreamer 0-0: Ball
Tom Haymon is caught stealing 2nd base
1-0: Swinging Strike
1-1: Ball
2-1: Called Strike
2-2: Strikes out looking
Batting: RHB Jeff Hunter 0-0: Called Strike
0-1: Ball
1-1: Foul Ball, location: 2F
1-2: Ground out 4-3 (Groundball, 4)
Bottom of the 1st over - 0 runs, 0 hits, 0 errors, 0 left on base; Belleville 1 - Provo 0
TOP OF THE 2ND
Belleville Bulls batting - Pitching for Provo Mango : RHP Nicolas Roche
Batting: RHB Leonardo Sotelo 0-0: Ball
1-0: Fly out, F9 (Flyball, 89S)
Batting: RHB Júlio Robles 0-0: Called Strike
0-1: Ball
1-1: SINGLE (Groundball, 4) (infield hit)
Batting: RHB Bartho Simonse 0-0: Ball
Júlio Robles is caught stealing 2nd base
1-0: Swinging Strike
1-1: Called Strike
1-2: Ground out 6-3 (Groundball, 6)
Top of the 2nd over - 0 runs, 1 hit, 0 errors, 0 left on base; Belleville 1 - Provo 0
BOTTOM OF THE 2ND
Provo Mango batting - Pitching for Belleville Bulls : RHP Charles Repka
Batting: RHB Xi-ku See-to 0-0: Foul Ball, location: 2F
0-1: Foul Ball, location: 2F
0-2: Fly out, F8 (Flyball, 89M)
Batting: LHB Ling Li 0-0: Called Strike
0-1: Ball
1-1: Foul Ball, location: 2F
1-2: Ball
2-2: SOLO HOME RUN (Flyball, 9D), Distance : 374 ft
Batting: RHB Guillermo Carrizales 0-0: Ball
1-0: Called Strike
1-1: Foul Ball, location: 2F
1-2: Ball
2-2: Ball
3-2: Base on Balls
Batting: RHB Greg Bugarin 0-0: Ball
1-0: Foul Ball, location: 2F
1-1: Foul Ball, location: 2F
1-2: Foul Ball, location: 2F
1-2: Ball
2-2: Foul Ball, location: 2F
2-2: Ball
3-2: Base on Balls
Guillermo Carrizales to second
Batting: RHB Sun-jae Kwak 0-0: Called Strike
0-1: Ground out 5-3 (Groundball, 56S)
Guillermo Carrizales to third
Greg Bugarin to second
Batting: LHB Jesús De Jesús 0-0: Foul Ball, location: 2F
0-1: Foul Ball, location: 2F
0-2: Fly out, F8 (Flyball, 8RD)
Bottom of the 2nd over - 1 run, 1 hit, 0 errors, 2 left on base; Belleville 1 - Provo 1
TOP OF THE 3RD
Belleville Bulls batting - Pitching for Provo Mango : RHP Nicolas Roche
Batting: RHB Jon Hounshell 0-0: Ball
1-0: Called Strike
1-1: Foul Ball, location: 2F
1-2: Ball
2-2: Strikes out looking
Batting: LHB Seung-soo Ch'ae 0-0: Ball
1-0: Ground out 5-3 (Groundball, 2L)
Batting: LHB Samuel Bartolomej 0-0: Ball
1-0: Ball
2-0: Ball
3-0: Called Strike
3-1: Foul Ball, location: 2F
3-2: Strikes out swinging
Top of the 3rd over - 0 runs, 0 hits, 0 errors, 0 left on base; Belleville 1 - Provo 1
BOTTOM OF THE 3RD
Provo Mango batting - Pitching for Belleville Bulls : RHP Charles Repka
Batting: LHB Tom Haymon 0-0: Called Strike
0-1: Called Strike
0-2: Ball
1-2: Ball
2-2: Ball
3-2: Foul Ball, location: 2F
3-2: Base on Balls
Batting: SHB Tommy Dreamer 0-0: Ball
1-0: Ball
2-0: Foul Ball, location: 2F
2-1: Foul Ball, location: 2F
2-2: Ball
3-2: Base on Balls
Tom Haymon to second
Batting: RHB Jeff Hunter 0-0: Swinging Strike
0-1: Fielders Choice at 2nd, 5-4 (Groundball, 56)
Tom Haymon to third
Batting: RHB Xi-ku See-to 0-0: Ball
1-0: Ball
2-0: Called Strike
2-1: Swinging Strike
2-2: Foul Ball, location: 2F
2-2: Strikes out swinging
Pitching: RHP Octávio Moya
Batting: LHB Ling Li 0-0: 3-RUN HOME RUN (Flyball, 9LD), Distance : 361 ft
Batting: RHB Guillermo Carrizales 0-0: Called Strike
0-1: DOUBLE (Line Drive, 8RD)
Batting: RHB Greg Bugarin 0-0: Ball
Passed Ball!
Guillermo Carrizales to third
1-0: Ball
2-0: Ball
3-0: Called Strike
3-1: Base on Balls
Batting: RHB Sun-jae Kwak 0-0: Called Strike
0-1: 3-RUN HOME RUN (Flyball, 7LD), Distance : 376 ft
Pitching: LHP Jason Schneider
Batting: LHB Jesús De Jesús 0-0: Ball
1-0: Foul Ball, location: 2F
1-1: Foul Ball, location: 2F
1-2: Foul Ball, location: 2F
1-2: Fly out, F8 (Flyball, 89M)
Bottom of the 3rd over - 6 runs, 3 hits, 0 errors, 0 left on base; Belleville 1 - Provo 7
TOP OF THE 4TH
Belleville Bulls batting - Pitching for Provo Mango : RHP Nicolas Roche
Batting: LHB Walt Lathon 0-0: Foul Ball, location: 2F
0-1: Ground out U3 (Groundball, 3)
Batting: LHB Scot Willis 0-0: Called Strike
0-1: Swinging Strike
0-2: Strikes out swinging
Batting: RHB Alejandro Serrato 0-0: Ball
1-0: Foul Ball, location: 2F
1-1: Swinging Strike
1-2: SINGLE (Groundball, 56D)
Batting: RHB Leonardo Sotelo 0-0: Ball
1-0: Ball
2-0: Foul Ball, location: 2F
2-1: Ball
3-1: Base on Balls
Alejandro Serrato to second
Batting: RHB Júlio Robles 0-0: Swinging Strike
0-1: Fly out, F7 (Flyball, 7S)
Top of the 4th over - 0 runs, 1 hit, 0 errors, 2 left on base; Belleville 1 - Provo 7
BOTTOM OF THE 4TH
Provo Mango batting - Pitching for Belleville Bulls : LHP Jason Schneider
Batting: LHB Tom Haymon 0-0: Ground out 5-3 (Groundball, 25)
Batting: SHB Tommy Dreamer 0-0: Called Strike
0-1: Foul Ball, location: 2F
0-2: Ball
1-2: Ball
2-2: Ball
3-2: Foul Ball, location: 2F
3-2: Fly out, F3 (Popup, 3SF)
Batting: RHB Jeff Hunter 0-0: Ball
1-0: Called Strike
1-1: Called Strike
1-2: Ball
2-2: Foul Ball, location: 2F
2-2: Ball
3-2: Foul Ball, location: 2F
3-2: Base on Balls
Batting: RHB Xi-ku See-to 0-0: Ball
1-0: Foul Ball, location: 2F
1-1: Ball
2-1: Fly out, F8 (Flyball, 8RD)
Bottom of the 4th over - 0 runs, 0 hits, 0 errors, 1 left on base; Belleville 1 - Provo 7
TOP OF THE 5TH
Belleville Bulls batting - Pitching for Provo Mango : RHP Nicolas Roche
Batting: RHB Bartho Simonse 0-0: Ball
1-0: Foul Ball, location: 2F
1-1: Ball
2-1: Ground out 3-1 (Groundball, 34S)
Batting: RHB Jon Hounshell 0-0: Called Strike
0-1: Called Strike
0-2: Ball
1-2: Strikes out swinging
Batting: LHB Seung-soo Ch'ae 0-0: Ball
1-0: Ground out 6-3 (Groundball, 6M)
Top of the 5th over - 0 runs, 0 hits, 0 errors, 0 left on base; Belleville 1 - Provo 7
BOTTOM OF THE 5TH
Provo Mango batting - Pitching for Belleville Bulls : LHP Jason Schneider
Batting: LHB Ling Li 0-0: Ball
1-0: Ball
2-0: Ball
3-0: Called Strike
3-1: Base on Balls
Batting: RHB Guillermo Carrizales 0-0: Fielders Choice at 2nd, 6-4 (Groundball, 6)
Batting: RHB Greg Bugarin 0-0: Ball
1-0: DOUBLE (Line Drive, 7LS)
Guillermo Carrizales to third
Batting: RHB Sun-jae Kwak 0-0: Ball
1-0: Fly out, F7 (Flyball, 7LS)
Runner from 3rd tags up, SCORES, no throw
Batting: LHB Jesús De Jesús 0-0: Swinging Strike
0-1: Ball
1-1: Ball
2-1: Swinging Strike
2-2: DOUBLE (Flyball, 8RXD)
Greg Bugarin scores
Batting: LHB Tom Haymon 0-0: DOUBLE (Line Drive, 9LM)
Jesús De Jesús scores
Batting: SHB Tommy Dreamer 0-0: Ball
1-0: Ball
2-0: Foul Ball, location: 2F
2-1: Ball
3-1: Foul Ball, location: 2F
3-2: Fly out, F6 (Line Drive, 6)
Bottom of the 5th over - 3 runs, 3 hits, 0 errors, 1 left on base; Belleville 1 - Provo 10
TOP OF THE 6TH
Belleville Bulls batting - Pitching for Provo Mango : RHP Nicolas Roche
Batting: LHB Samuel Bartolomej 0-0: Ground out U3 (Groundball, 34S)
Batting: LHB Walt Lathon 0-0: Ball
1-0: Swinging Strike
1-1: Swinging Strike
1-2: Ball
2-2: Strikes out looking
Batting: LHB Scot Willis 0-0: Called Strike
0-1: Ball
1-1: Ball
2-1: Ground out 1-3 (Groundball, 15S)
Top of the 6th over - 0 runs, 0 hits, 0 errors, 0 left on base; Belleville 1 - Provo 10
BOTTOM OF THE 6TH
Provo Mango batting - Pitching for Belleville Bulls : LHP Jason Schneider
Batting: RHB Jeff Hunter 0-0: Ball
1-0: Ground out 6-3 (Groundball, 6)
Batting: RHB Xi-ku See-to 0-0: SINGLE (Groundball, 15S) (infield hit)
Batting: LHB Ling Li 0-0: Swinging Strike
0-1: Ball
1-1: Ball
2-1: Ball
3-1: Base on Balls
Xi-ku See-to to second
Batting: RHB Guillermo Carrizales 0-0: Called Strike
0-1: Called Strike
0-2: Ball
1-2: Ball
2-2: Strikes out swinging
Batting: RHB Greg Bugarin 0-0: Called Strike
0-1: Ground out 4-3 (Groundball, 4)
Bottom of the 6th over - 0 runs, 1 hit, 0 errors, 2 left on base; Belleville 1 - Provo 10
TOP OF THE 7TH
Belleville Bulls batting - Pitching for Provo Mango : RHP Nicolas Roche
Batting: RHB Alejandro Serrato 0-0: Ball
1-0: Ball
2-0: Called Strike
2-1: Foul Ball, location: 2F
2-2: Ball
3-2: Foul Ball, location: 2F
3-2: Foul Ball, location: 2F
3-2: Ground out 6-3 (Groundball, 6)
Batting: RHB Leonardo Sotelo 0-0: Ball
1-0: Ball
2-0: Foul Ball, location: 2F
2-1: Ball
3-1: Base on Balls
Batting: RHB Júlio Robles 0-0: Swinging Strike
0-1: Ball
1-1: Called Strike
1-2: Foul Ball, location: 2F
1-2: Foul Ball, location: 2F
1-2: Ball
2-2: Ball
3-2: Foul Ball, location: 2F
3-2: Foul Ball, location: 2F
3-2: Fielders Choice at 2nd, 3-6 (Groundball, 34)
Batting: RHB Bartho Simonse 0-0: Fly out, F6 (Line Drive, 6)
Top of the 7th over - 0 runs, 0 hits, 0 errors, 1 left on base; Belleville 1 - Provo 10
BOTTOM OF THE 7TH
Provo Mango batting - Pitching for Belleville Bulls : LHP Jason Schneider
Batting: RHB Sun-jae Kwak 0-0: Ground out 6-3 (Groundball, 6)
Batting: LHB Jesús De Jesús 0-0: Ball
1-0: Ball
2-0: Ball
3-0: Called Strike
3-1: Base on Balls
Batting: LHB Tom Haymon 0-0: Ball
1-0: Ball
2-0: Swinging Strike
2-1: Grounds into double play, 4-6-3 (Groundball, 4)
Bottom of the 7th over - 0 runs, 0 hits, 0 errors, 0 left on base; Belleville 1 - Provo 10
TOP OF THE 8TH
Belleville Bulls batting - Pitching for Provo Mango : RHP Nicolas Roche
Batting: RHB Jon Hounshell 0-0: Called Strike
0-1: Foul Ball, location: 2F
0-2: Strikes out swinging
Batting: LHB Seung-soo Ch'ae 0-0: Called Strike
0-1: Ground out 4-3 (Groundball, 34)
Batting: LHB Samuel Bartolomej 0-0: Ground out 4-3 (Groundball, 4)
Top of the 8th over - 0 runs, 0 hits, 0 errors, 0 left on base; Belleville 1 - Provo 10
BOTTOM OF THE 8TH
Provo Mango batting - Pitching for Belleville Bulls : LHP Jason Schneider
Batting: SHB Tommy Dreamer 0-0: Ball
1-0: Ball
2-0: Called Strike
2-1: Ground out 5-3 (Groundball, 56S)
Batting: RHB Jeff Hunter 0-0: Ball
1-0: Ball
2-0: Called Strike
2-1: Ground out 6-3 (Groundball, 6)
Batting: RHB Xi-ku See-to 0-0: Foul Ball, location: 2F
0-1: Foul Ball, location: 2F
0-2: Fly out, F8 (Flyball, 8RM)
Bottom of the 8th over - 0 runs, 0 hits, 0 errors, 0 left on base; Belleville 1 - Provo 10
TOP OF THE 9TH
Belleville Bulls batting - Pitching for Provo Mango : RHP Nicolas Roche
Now at C: Egor Nabatov
Now at 2B: Mike Waddingham
Batting: LHB Walt Lathon 0-0: Called Strike
0-1: Ball
1-1: Reached on error, E4 (Groundball, 4)
Pitching: RHP Augusto Rumina
Batting: LHB Scot Willis 0-0: Ball
1-0: Ball
2-0: Foul Ball, location: 2F
2-1: Called Strike
2-2: Strikes out swinging
Batting: RHB Alejandro Serrato 0-0: Grounds into double play, 6-4-3 (Groundball, 6)
Top of the 9th over - 0 runs, 0 hits, 1 error, 0 left on base; Belleville 1 - Provo 10
Tuesday, December 19th, 2017 - OOTP Baseball 18.8 Build 76